 Dungeon Crawl Stone Soup version 0.27-a0-1149-g4505690ab0 (webtiles) character file.

Game seed: 16189066133571903698

32026 robertstho the Thaumaturge (level 14, 0/92 HPs)
             Began as a Djinni Conjurer on May 12, 2021.
             Was an Initiate of Gozag.
             Slain by a death yak (5 damage)
             ... while petrified by a catoblepas
             ... on level 6 of the Lair of Beasts.
             The game lasted 00:50:05 (22245 turns).

robertstho the Thaumaturge (Djinni Conjurer)       Turns: 22245, Time: 00:50:05

Health: 0/92       AC:  8    Str:  6    XL:     14   Next: 0%
Gold:   1802       EV:  2    Int: 29    God:    Gozag SH:  0 Dex: 14

rFire    + + +     SeeInvis +   s - +10 dagger of Dithmenos {vorpal, rC+}
rCold    + . .     Faith    .   (no shield)
rNeg     + + +     Spirit   .   w - +0 robe "Nuxirgh" {rF+ rC+ SInv}
rPois    ∞         Reflect  +   (no helmet)
rElec    .         Harm     .   a - scarf {repulsion}
rCorr    .         Rampage  .   e - +1 pair of gloves
Will     +....                  (boots unavailable)
Stlth    +++.......             C - amulet of reflection
HPRegen  0.25/turn              B - +6 ring of intelligence
MPRegen  0.00/turn              O - +4 ring of protection

@: petrified, gold aura, flying, repel missiles
A: sickness immunity, fire resistance 2, cold vulnerability 1, float, innate
caster, hp casting, extra vitality 1
a: Renounce Religion, Potion Petition, Call Merchant, Bribe Branch


You were on level 6 of the Lair of Beasts.
You worshipped Gozag.
Gozag was most pleased with you.
You visited 3 branches of the dungeon, and saw 16 of its levels.
You also visited: Gauntlet.

You collected 2564 gold pieces.
You spent 654 gold pieces at shops.
You paid 108 gold pieces to Gozag.

Inventory:

Hand Weapons
 c - a +0 whip of electrocution
 l - a +2 short sword of venom
 q - a +3 short sword
 s - the +10 dagger of Dithmenos (weapon) {vorpal, rC+}
   (You found it on level 5 of the Dungeon)

   It inflicts extra damage upon your enemies.
   It protects you from cold.
Missiles
 M - a throwing net
Armour
 a - a scarf of repulsion (worn)
 e - a +1 pair of gloves (worn)
 w - the +0 robe "Nuxirgh" (worn) {rF+ rC+ SInv}
   (You found it on level 5 of the Dungeon)

   It protects you from fire.
   It protects you from cold.
   It lets you see invisible.
 L - the +0 cloak "Heeriv" {rElec rN+ Int-5}
   (You found it on level 9 of the Dungeon)

   It affects your intelligence (-5).
   It insulates you from electricity.
   It protects you from negative energy.
 T - a +2 robe of the Archmagi
Jewellery
 b - a ring of ice
 o - a ring of see invisible
 p - a ring of positive energy
 B - a +6 ring of intelligence (left hand)
 C - an amulet of reflection (around neck)
 E - a ring of willpower
 I - a +6 ring of strength
 O - a +4 ring of protection (right hand)
 Q - the ring of Ibitadgh {Fire Int+2}
   (You found it in a Gauntlet)

   [ring of fire]

   It enhances your fire magic.
   It affects your intelligence (+2).
   It protects you from fire.
   It makes you vulnerable to cold.
 R - a ring of positive energy
 V - a ring of fire
Wands
 z - a wand of paralysis (8)
 A - a wand of acid (12)
 S - a wand of iceblast (8)
 X - a wand of mindburst (6)
Scrolls
 d - 2 scrolls of brand weapon
 f - a scroll of enchant armour
 g - 2 scrolls of holy word {unknown}
 h - a scroll of enchant weapon
 j - a scroll of magic mapping
 k - 2 scrolls of vulnerability {unknown}
 m - 3 scrolls of immolation
 n - a scroll of silence
 r - 3 scrolls of fear {unknown}
 y - a scroll of fog
 N - a scroll of blinking
Potions
 i - 2 potions of cancellation
 t - 7 potions of curing
 u - 3 potions of might
 x - a potion of ambrosia
 D - 2 potions of lignification
 F - a potion of flight
 G - a potion of berserk rage
 H - a potion of brilliance
 P - a potion of invisibility
 W - a potion of attraction
Miscellaneous
 J - a phantom mirror


   Skills:
 + Level 5.6 Fighting
 + Level 4.0 Short Blades
 + Level 0.4 Maces & Flails
 + Level 7.6 Dodging
 + Level 5.9 Stealth
 + Level 2.5 Shields
 + Level 14.8 Spellcasting
 + Level 0.4 Evocations


You had 10 spell levels left.
You knew the following spells:

 Your Spells              Type           Power      Damage    Failure   Level
a - Magic Dart            Conj           100%       1d8       0%          1
b - Searing Ray           Conj           100%       3d7       0%          2
c - Dazzling Flash        Conj/Hex       100%       N/A       0%          3
d - Fulminant Prism       Conj/Hex       41%        3d20      1%          4
e - Iskenderun's Mystic   Conj/Tloc      82%        2d16      1%          4
f - Sting                 Tmut/Pois      100%       1d8       0%          1
g - Passwall              Tmut/Erth      68%        N/A       0%          2
h - Vampiric Draining     Necr           41%        2d11      0%          3
i - Gell's Gravitas       Tloc           41%        N/A       0%          3
j - Hailstorm             Conj/Ice       82%        3d17      1%          4
k - Yara's Violent Unrav  Hex/Tmut       41%        3d16      1%          5
Your spell library was empty.

Dungeon Overview and Level Annotations

Branches:
Dungeon (9/15)             Temple (1/1) D:6            Lair (6/6) D:8
 Shoals (0/4) Lair:2        Snake (0/4) Lair:2      Gauntlet (visited)
  Slime: Lair:5-6       Orc: D:9-12

Altars:
Ashenzari
Cheibriados
Dithmenos
Elyvilon
Fedhas
Gozag
Hepliaklqana
Kikubaaqudgha
Makhleb
Nemelex Xobeh
Okawaru
Qazlal
Ru
Sif Muna
Trog
Uskayaw
Vehumet
Wu Jian
Xom
Yredelemnul
Zin
The Shining One

Shops:
D:1 :   D:2 =   D:6 (   D:7 *(:   D:8 !


Innate Abilities, Weirdness & Mutations

You are immune to sickness and miasma.
You are immune to poison.
Your flesh is very heat resistant. (rF++)
You are vulnerable to cold. (rC-)
You float through the air rather than walking.
You learn spells naturally, not from books.
Your magical power is your life essence.
You have superior vitality. (+4 HP)


Message History

The catoblepas is lightly wounded.
Unknown command.
Casting: Gell's Gravitas (safe; 0% risk of failure)
Confirm with . or Enter, or press ? or * to list all spells.
You erupt in a blast of force!
* * * LOW HITPOINT WARNING * * *
A nearby plant withers and dies.
The catoblepas breathes a plume of calcifying dust at you.
The blast of calcifying dust hits you but does no damage.
As you read the scroll of teleportation, it crumbles to dust.
You feel strangely unstable.
You are engulfed in calcifying dust.
Unknown command.
A nearby plant withers and dies.
The catoblepas breathes a plume of calcifying dust at you.
The blast of calcifying dust hits you.
* * * LOW HITPOINT WARNING * * *
You feel better.
You are engulfed in calcifying dust.
You are slowing down.
The blink frog is engulfed in calcifying dust.
The blink frog is moving more slowly.
Unknown command.
You feel better.
You are engulfed in calcifying dust.
Your limbs have turned to stone.
Your surroundings suddenly seem different.
You have turned to stone. 2 yaks, 2 death yaks and a manticore come into view.
The death yak snorts and paws the ground.
The yak bellows! x2; The death yak bellows!
You hear a bellow!
The yak gores you but does no damage. The yak gores you!
The death yak gores you!!
* * * LOW HITPOINT WARNING * * *
The death yak gores you. The yak gores you. The death yak barely misses you.
The death yak gores you!!
* * * LOW HITPOINT WARNING * * *
The yak gores you.
* * * LOW HITPOINT WARNING * * *
The death yak gores you but does no damage.
The death yak gores you!
You die...
Your body crumbles into a pile of gold.

......8...
..8......#
#####
#P..P##
..8..P.
...8...
###.8..P.8
#..YH.8.8.
#Y@# #YY##
....#
#P..# ##..
#.. ##


You could see 2 death yaks, a manticore and 2 yaks.

Vanquished Creatures
  A minotaur (Gauntlet)
  6 hydras
  A boulder beetle (Lair:4)
  A catoblepas (Lair:5)
  Urug (Lair:1)
  6 elephants (Lair:6)
  Joseph (Lair:1)
  7 black mambas
  7 cane toads
  A smoke demon (Gauntlet)
  4 komodo dragons
  A troll (D:9)
  2 rime drakes
  A merfolk (Lair:2)
  A hornet (D:9)
  19 blink frogs
  A dream sheep (Lair:4)
  2 wyverns
  28 yaks
  3 steam dragons
  A basilisk (Lair:2)
  A neqoxec (Gauntlet)
  4 vampire mosquitoes (D:9)
  3 chaos spawn (Gauntlet)
  2 wargs (D:8)
  17 water moccasins
  2 orc warriors
  2 black bears
  A sky beast (D:7)
  An ice beast (D:6)
  A necrophage (D:5)
  4 ogres
  9 wolves
  3 centaurs
  3 phantoms
  A kobold brigand (D:6)
  8 bullfrogs
  4 scorpions
  A wyvern zombie (D:8)
  2 water moccasin skeletons
  3 killer bees (D:7)
  4 wights
  3 electric eels
  4 howler monkeys
  A crimson imp (Gauntlet)
  A centaur zombie (D:9)
  A gnoll shaman (D:5)
  3 centaur skeletons
  7 orc priests
  2 hounds (D:6)
  Crazy Yiuf (D:2)
  A bullfrog skeleton (D:5)
  4 iguanas
  15 orc wizards
  A killer bee zombie (D:7)
  3 gnolls (D:2)
  4 adders
  A shadow imp (D:6)
  2 white imps
  An ufetubus (D:5)
  2 worms
  2 dart slugs
  23 orcs
  3 ball pythons
  6 bats
  4 endoplasms
  3 giant cockroaches
  3 goblins
  6 hobgoblins
  5 jackals (D:2)
  3 quokkas
  A frilled lizard (D:2)
  15 kobolds
  10 rats
312 creatures vanquished.

Vanquished Creatures (others)
  255 fulminant prisms
  42 fungi
  57 plants
354 creatures vanquished.

Grand Total: 666 creatures vanquished

Notes
Turn   | Place    | Note
-------+----------+-------------------------------------------
     0 | D:1      | robertstho the Djinni Conjurer began the quest for the Orb.
     0 | D:1      | Reached XP level 1. HP: 15/15 MP: 0/0
   305 | D:1      | Found Biwnuv's Book Emporium.
   381 | D:1      | Found a faded altar of an unknown god.
   443 | D:1      | Reached XP level 2. HP: 19/21 MP: 0/0
  1094 | D:2      | Reached XP level 3. HP: 19/25 MP: 0/0
  1094 | D:2      | Learned a level 1 spell: Sting
  1452 | D:2      | Reached skill level 4 in Spellcasting
  1501 | D:2      | Found Ammuz's Jewellery Shoppe.
  1612 | D:2      | Reached XP level 4. HP: 28/31 MP: 0/0
  1965 | D:2      | Found a runed translucent door.
  1966 | D:2      | Noticed Crazy Yiuf
  2175 | D:2      | Killed Crazy Yiuf
  2176 | D:2      | Reached XP level 5. HP: 19/35 MP: 0/0
  2176 | D:2      | Learned a level 2 spell: Passwall
  3869 | D:4      | Noticed a black bear
  3876 | D:4      | Killed a black bear
  3877 | D:4      | Reached skill level 1 in Fighting
  3877 | D:4      | Reached XP level 6. HP: 17/42 MP: 0/0
  4604 | D:4      | Noticed a wyvern
  4611 | D:4      | Killed a wyvern
  4612 | D:4      | Reached skill level 1 in Short Blades
  4612 | D:4      | Reached XP level 7. HP: 5/47 MP: 0/0
  4612 | D:4      | Learned a level 3 spell: Vampiric Draining
  5143 | D:5      | Entered Level 5 of the Dungeon
  5184 | D:4      | Reached skill level 5 in Spellcasting
  5680 | D:5      | Reached XP level 8. HP: 46/54 MP: 0/0
  6532 | D:5      | Identified the +10 dagger of Dithmenos {vorpal, rC+}
  6552 | D:5      | Reached XP level 9. HP: 40/61 MP: 0/0
  6552 | D:5      | Learned a level 3 spell: Gell's Gravitas
  6703 | D:5      | Reached skill level 6 in Spellcasting
  7052 | D:5      | Identified the +0 robe "Nuxirgh" {rF+ rC+ SInv}
  7476 | D:6      | Found a staircase to the Ecumenical Temple.
  7509 | Temple   | Entered the Ecumenical Temple
  7956 | Temple   | Became a worshipper of Gozag Ym Sagoz the Greedy
  8097 | D:6      | Reached skill level 7 in Spellcasting
  8541 | D:6      | Reached skill level 5 in Stealth
  8759 | D:6      | Found Goer's Weapon Emporium.
  9579 | D:7      | Reached XP level 10. HP: 59/67 MP: 0/0
  9586 | D:7      | Reached skill level 8 in Spellcasting
  9969 | D:7      | Found Vainwerr's Book Boutique.
 10261 | D:7      | Found Nileoboll's Weapon Shop.
 10271 | D:7      | Found Aliffuxye's Assorted Antiques.
 10556 | D:2      | Bought an amulet of reflection for 360 gold pieces
 11009 | D:8      | Found a staircase to the Lair.
 11063 | D:8      | Found Anloum's Distillery.
 11070 | D:8      | Bought a potion of flight for 42 gold pieces
 11070 | D:8      | Bought a potion of berserk rage for 70 gold pieces
 11070 | D:8      | Bought a potion of curing for 42 gold pieces
 11070 | D:8      | Bought a potion of lignification for 42 gold pieces
 11070 | D:8      | Bought a potion of brilliance for 56 gold pieces
 11070 | D:8      | Bought a potion of curing for 42 gold pieces
 11211 | D:8      | Reached skill level 9 in Spellcasting
 11330 | D:8      | Found a hide-covered altar of Uskayaw.
 11338 | D:8      | Reached skill level 5 in Dodging
 11950 | D:9      | Reached skill level 10 in Spellcasting
 11950 | D:9      | Reached XP level 11. HP: 56/73 MP: 0/0
 11950 | D:9      | Learned a level 4 spell: Hailstorm
 12070 | D:9      | Identified the +0 cloak "Heeriv" {rElec rN+ Int-5}
 13072 | Lair:1   | Entered Level 1 of the Lair of Beasts
 13101 | Lair:1   | Noticed Urug
 13117 | D:8      | HP: 1/73 [black mamba (17)]
 13492 | Lair:1   | Killed Urug
 13493 | Lair:1   | Reached skill level 1 in Shields
 13500 | Lair:1   | Reached skill level 11 in Spellcasting
 13807 | Lair:1   | Noticed Joseph
 13813 | Lair:1   | Killed Joseph
 14088 | Lair:1   | Noticed a four-headed hydra
 14104 | Lair:1   | Killed a four-headed hydra
 14656 | Lair:2   | Found a staircase to the Snake Pit.
 15272 | Lair:2   | Found a staircase to the Shoals.
 15701 | Lair:3   | Reached XP level 12. HP: 70/79 MP: 0/0
 15709 | Lair:3   | Found a gate leading to a gauntlet.
 15719 | Gauntlet | Entered a Gauntlet
 15719 | Gauntlet | Found a transporter.
 15719 | Gauntlet | Found a transporter.
 15719 | Gauntlet | Found a runed translucent door.
 15751 | Gauntlet | Found a transporter.
 15757 | Gauntlet | Found a transporter.
 15765 | Gauntlet | Found a transporter.
 15769 | Gauntlet | Found a transporter.
 15772 | Gauntlet | Noticed a green death
 15777 | Gauntlet | Found a transporter.
 15795 | Gauntlet | Noticed a quicksilver ooze
 15796 | Gauntlet | Found a transporter.
 15816 | Gauntlet | Found a transporter.
 15817 | Gauntlet | Found a transporter.
 15825 | Gauntlet | Found a transporter.
 15829 | Gauntlet | Found a transporter.
 15833 | Gauntlet | Found a runed translucent door.
 16105 | Gauntlet | Reached skill level 12 in Spellcasting
 16125 | Gauntlet | Identified the Papyrus of Companions and the Mountains
 16134 | Gauntlet | Identified the ring of Ibitadgh {Fire Int+2}
 16217 | Gauntlet | Noticed a minotaur
 16218 | Gauntlet | Found the +2 ratskin cloak {*Rats rPois rN+ Str-1 Int-1
                  | Dex+1}
 16230 | Gauntlet | Killed a minotaur
 16318 | Gauntlet | Identified the +1 leather armour of the Saviour {Drain rN+
                  | Will+ Stlth+}
 16320 | Gauntlet | Identified the +1 robe of the Arcane {rPois rCorr Int-4
                  | Dex+6}
 16320 | Gauntlet | Identified the Incunabulum of Cankerous Necromancy
 17426 | Lair:4   | Noticed a five-headed hydra
 17442 | Lair:4   | Killed a five-headed hydra
 17480 | Lair:4   | Noticed a four-headed hydra
 18054 | Lair:4   | Killed a four-headed hydra
 18126 | Lair:4   | Reached skill level 13 in Spellcasting
 18847 | Lair:4   | Reached skill level 5 in Fighting
 18847 | Lair:4   | Reached XP level 13. HP: 75/85 MP: 0/0
 18847 | Lair:4   | Learned a level 5 spell: Yara's Violent Unravelling
 19635 | Lair:4   | Noticed a boulder beetle
 19655 | Lair:4   | Killed a boulder beetle
 20436 | Lair:5   | Noticed a six-headed hydra
 20446 | Lair:5   | Killed a six-headed hydra
 20447 | Lair:5   | Reached skill level 14 in Spellcasting
 20759 | Lair:5   | Noticed a six-headed hydra
 20767 | Lair:5   | Killed a six-headed hydra
 21539 | Lair:6   | Entered Level 6 of the Lair of Beasts
 21539 | Lair:6   | Noticed a catoblepas
 21539 | Lair:6   | Noticed a catoblepas
 21594 | Lair:6   | Noticed a four-headed hydra
 21600 | Lair:5   | Killed a catoblepas
 21743 | Lair:6   | Noticed a six-headed hydra
 21799 | Lair:6   | Killed a four-headed hydra
 22230 | Lair:6   | Reached XP level 14. HP: 36/92 MP: 0/0
 22244 | Lair:6   | HP: 4/92 [yak (2)]
 22245 | Lair:6   | Slain by a death yak

Illustrated notes

Levels and vault maps discovered:
D:1:      minmay_arrival_pointy, layout_rooms, serial_shops, shop_fountains,
          shapermc_ecumenical_altar_totnotflames
D:2:      layout_loops_ring, serial_shops, nicolae_shop_waterfront,
          uniq_crazy_yiuf_cottage
D:3:      layout_basic, roderic_roman_lattice
D:4:      layout_loops_corners
D:5:      layout_rooms, minmay_circle_x
D:6:      layout_loops_ring, minmay_temple_entry_glass, serial_shops,
          kennysheep_mini
D:7:      minmay_flawed_box, layout_basic, serial_shops, kennysheep_mini_moat,
          shop_statue, shop
D:8:      layout_rooms, eat_drink_and_be_merry_uskayaw,
          erik_lair_orcish_takeover, serial_shops, nicolae_shop_window_shopping
D:9:      layout_long_grid
Temple:   compressed_dpeg_triangle_lava_temple
Lair:1:   layout_cellular_growth, infiniplex_staircase_pool, lemuel_fruit_tree,
          uniq_joseph, uniq_urug
Lair:2:   layout_cave_pods, elwin_shoals_entry_rooms
Lair:3:   layout_misc_corridors, gauntlet_entry_generic, lemuel_fruit_fields,
          infiniplex_staircase_pool_2, serial_bayou_shore_a
Lair:4:   layout_long_grid, minmay_shattered_shrine
Lair:5:   layout_roguey
Lair:6:   evilmike_catoblepas_cave, layout_misc_corridors, slime_altar_2,
          grunt_forest_small_clearing_treed, serial_bayou_shore_b

Skill      XL: |  1  2  3  4  5  6  7  8  9 10 11 12 13 |
---------------+----------------------------------------+-----
Spellcasting   | 4 5 7 10 11 13 14 | 14.8
Stealth        | 2 3 4 5 |  5.9
Fighting       | 1 2 3 4 5 |  5.6
Dodging        | 3 4 5 6 7 |  7.6
Short Blades   | 1 2 3 4 |  4.0
Shields        | 1 2 |  2.5
Maces & Flails | |  0.4
Evocations     | |  0.4

Action                   |  1- 3 |  4- 6 |  7- 9 | 10-12 | 13-15 || total
-------------------------+-------+-------+-------+-------+-------++-------
Melee: Whip              |    21 |     1 |       |       |       ||    22
       Short sword       |       |    46 |     6 |       |       ||    52
       Dagger            |       |       |     2 |     3 |       ||     5
 Cast: Magic Dart        |    27 |    15 |    18 |     3 |       ||    63
       Searing Ray       |     6 |    14 |    21 |    27 |    16 ||    84
       Iskenderun's Myst |       |     1 |     1 |    20 |    23 ||    45
       Fulminant Prism   |       |       |    56 |   128 |    73 ||   257
       Gell's Gravitas   |       |       |       |     3 |     2 ||     5
       Hailstorm         |       |       |       |     6 |       ||     6
Evoke: Wand              |       |       |       |       |     1 ||     1
  Use: Scroll            |     2 |     2 |       |    15 |     6 ||    25
       Potion            |       |       |       |     2 |     5 ||     7
 Stab: Sleeping          |       |     5 |       |       |       ||     5
Armor: Robe              |     8 |     6 |     3 |     3 |     7 ||    27
Dodge: Dodged            |    27 |    36 |    35 |    46 |    15 ||   159
       Repelled          |       |       |     1 |       |       ||     1
Block: Other             |       |       |       |    11 |     5 ||    16
       Reflection        |       |       |       |     3 |       ||     3

Table legend: (Time is in decaauts)
 A = Elapsed time spent in this place.
 B = Non-inter-level travel time spent in this place.
 C = Inter-level travel time spent in this place.
 D = Time resting spent in this place.
 E = Time spent auto-exploring this place.
 F = Levels seen in this place.
 G = Mean time per level.
                   A        B        C        D        E       F      G
               +--------+--------+--------+--------+--------+-----+--------+
         Total |  22274 |  21173 |   1101 |   3953 |  15088 |  17 | 1310.2 |
       Dungeon |  13012 |  12237 |    775 |   2168 |   8871 |   9 | 1445.8 |
        Temple |    456 |    413 |     43 |      0 |    412 |   1 |  456.0 |
          Lair |   8202 |   7920 |    282 |   1545 |   5558 |   6 | 1367.0 |
      Gauntlet |    603 |    603 |      0 |    240 |    247 |   1 |  603.0 |
               +--------+--------+--------+--------+--------+-----+--------+

Top non-repeatable levels by time:
  Lair:4: 2424 daAuts
     D:4: 2237 daAuts
     D:2: 1618 daAuts
  Lair:3: 1558 daAuts
     D:8: 1535 daAuts
     D:7: 1519 daAuts
  Lair:5: 1501 daAuts
     D:6: 1427 daAuts
     D:5: 1337 daAuts
     D:3: 1279 daAuts
  Lair:2: 1277 daAuts
     D:9: 1194 daAuts
  Lair:1: 949 daAuts
     D:1: 863 daAuts
Gauntlet: 603 daAuts
